 Dungeon Crawl Stone Soup version 0.29-a0-613-gf2c431b9b9 (webtiles) character file.

Game seed: 2437078737110767500

27365 DocClef the Warrior (level 13, -20/134 HPs)
             Began as a Grey Draconian Fighter on June 16, 2022.
             Was a High Priest of Okawaru.
             Demolished by a large abomination (30 damage)
             ... in a Gauntlet.
             The game lasted 00:18:52 (16945 turns).

DocClef the Warrior (Grey Draconian Fighter)       Turns: 16945, Time: 00:18:53

Health: -20/134    AC: 17    Str: 32    XL:     13   Next: 4%
Magic:  12/13      EV: 12    Int:  9    God:    Okawaru [*****.]
Gold:   1561       SH:  4    Dex: 11    Spells: 12/12 levels left

rFire   . . .      SeeInvis .   a - +1 war axe (vamp)
rCold   . . .      Faith    .   b - +0 buckler
rNeg    . . .      Spirit   .   (body armour unavailable)
rPois   .          Reflect  .   (helmet restricted)
rElec   .          Harm     .   p - +2 cloak
rCorr   +          Rampage  .   (no gloves)
Will    .....      NoTele   +   l - +0 pair of boots
Stlth   ++........              F - amulet of regeneration
HPRegen 1.12/turn               z - ring "Vaolumon" {rCorr Str+3 Slay+4 Stlth+}
MPRegen 0.13/turn               u - +6 ring of strength

@: studying Slings
A: AC +13, amphibious, unfitting armour, cold-blooded, stinger 1
a: Renounce Religion, Heroism, Finesse, Duel


You were in a Gauntlet.
You worshipped Okawaru.
Okawaru was extremely pleased with you.
You visited 3 branches of the dungeon, and saw 14 of its levels.
You also visited: Sewer, Bailey and Gauntlet.

You collected 1561 gold pieces.

Inventory:

Hand Weapons
 a - a +1 vampiric war axe (weapon)
 w - the +8 storm bow {elec, penet}
   (You found it in a bailey)

   Any ammunition fired from it occasionally discharges a powerful burst of
   electricity upon striking a foe.
   Any ammunition fired by it passes through the targets it hits, potentially
   hitting all targets in its path until it reaches maximum range.
Armour
 b - a +0 buckler (worn)
 l - a +0 pair of boots (worn)
 p - a +2 cloak (worn)
Jewellery
 f - an amulet of magic regeneration
 r - a ring of protection from cold
 s - a ring of see invisible
 u - a +6 ring of strength (right hand)
 z - the ring "Vaolumon" (left hand) {rCorr Str+3 Slay+4 Stlth+}
   (You found it on level 1 of the Lair of Beasts)

   [ring of slaying]

   Str:       It affects your strength (+3).
   Slay:      It affects your accuracy & damage with ranged weapons and melee
   (+4).
   rCorr:     It protects you from acid and corrosion.
   Stlth:     It makes you more stealthy.
 A - a +6 ring of strength
 E - a ring of resist corrosion
 F - an amulet of regeneration (around neck)
 G - an amulet of the acrobat
Wands
 k - a wand of mindburst (6)
 n - a wand of flame (38)
 t - a wand of light (4)
 y - a wand of polymorph (5)
Scrolls
 d - 2 scrolls of vulnerability
 g - 11 scrolls of identify
 j - 7 scrolls of teleportation
 m - a scroll of amnesia
 v - 2 scrolls of fog
 C - a scroll of enchant weapon
 H - a scroll of fear
Potions
 e - 6 potions of haste
 h - 2 potions of invisibility
 i - 3 potions of lignification
 o - 4 potions of brilliance
 q - a potion of berserk rage
 x - 4 potions of curing
 B - 2 potions of resistance
 D - a potion of might


   Skills:
 - Level 17.8 Fighting
 + Level 14.5 Axes
 - Level 2.6 Dodging
 - Level 3.0 Shields


You had 12 spell levels left.
You didn't know any spells.
Your spell library contained the following spells:

 Spells                   Type           Power      Damage    Failure   Level
 Ensorcelled Hibernation  Hex/Ice        0%         N/A       63%         2
 Passwall                 Tmut/Erth      0%         N/A       63%         2
 Conjure Flame            Conj/Fire      0%         6-21      85%         3
 Gell's Gravitas          Tloc           0%         N/A       85%         3
 Ignite Poison            Fire/Tmut/Pois 0%         N/A       85%         3
 Lesser Beckoning         Tloc           0%         N/A       85%         3
 Swiftness                Air            0%         N/A       85%         3
 Teleport Other           Tloc           0%         N/A       85%         3
 Sticky Flame             Conj/Fire      0%         2d3       99%         4


Dungeon Overview and Level Annotations

Branches:
Dungeon (11/15)            Temple (1/1) D:5            Lair (2/6) D:9
 Shoals (0/4) Lair:2          Orc (0/2) D:9           Sewer (visited)
 Bailey (visited)         Gauntlet (1/1)
  Snake: Lair:2-4    Spider: Lair:2-4

Altars:
Ashenzari
Cheibriados
Dithmenos
Elyvilon
Fedhas
Gozag
Hepliaklqana
Kikubaaqudgha
Makhleb
Nemelex Xobeh
Okawaru
Qazlal
Ru
Sif Muna
Trog
Uskayaw
Vehumet
Wu Jian
Xom
Yredelemnul
Zin
The Shining One

Shops:
D:10 (

Annotations:
D:3 2 transporters, blackman's ghost, weakling HuDe
D:6 1 runed translucent door, SirDiesAlot's ghost, novice OgGl
D:7 2 transporters, 1 runed translucent door Gauntlet 7 transporters


Innate Abilities, Weirdness & Mutations

Your dull iron-grey scales are very hard. (AC +13)
You are amphibious.
You cannot fit into any form of body armour.
You are cold-blooded and may be slowed by cold attacks.
Your tail ends in a venomous barb.


Message History

You are too injured to fight recklessly!
You are too injured to fight recklessly!
You are too injured to fight recklessly!
Unknown command.
You slice the small abomination!!
The small abomination is almost destroyed.
You slash the large abomination!
You hit the large abomination but do no damage.
You slash the small abomination! The large abomination hits you!
The small abomination closely misses you.
The small abomination barely misses you.
You barely miss the large abomination.
The large abomination is moderately damaged.
You slice the small abomination!!
You destroy the small abomination!
Okawaru accepts your kill.
You hit the small abomination but do no damage.
You slash the large abomination!
You feel like a meek peon again. The large abomination hits you!!
* * * LOW HITPOINT WARNING * * *
The small abomination hits you but does no damage.
The large abomination hits you!
* * * LOW HITPOINT WARNING * * *
You feel much better.
The large abomination barely misses you.
The small abomination closely misses you.
The large abomination closely misses you.
You closely miss the large abomination.
The large abomination is moderately damaged.
You hit the large abomination. x2; You slash the small abomination!
You hit the small abomination but do no damage.
The small abomination misses you. The small abomination hits you!
* * * LOW HITPOINT WARNING * * *
The large abomination hits you!
* * * LOW HITPOINT WARNING * * *
The large abomination hits you.
* * * LOW HITPOINT WARNING * * *
The large abomination hits you!!
You die...

...#.©.#....≈....#.©.#.....#
.8.#...#...≈8≈...#...#.8...###
...#.©.#....≈....#.©.#.....#8#
###########...###########..###
#..#^..ZB.#...#.........#..#
#...#.....#...#.........#..###
#.^.#....##...#......^^.#..#8#
#....#©##.#...#XXx......#..###
#..^###ZZ.#...#.@xx©.^..#..#
#Z##.#..Z.#...#..X......#..###
##....#.^.#...#.^.....^^#..#8#
#.....#...#...#.....^...#..###
#...[©"#.?#...#.^).©?[..#..#
###########...###########..###
...........................#8#
...........§∩≈............≈###
############################


You could see 3 large abominations and 3 small abominations.

Vanquished Creatures
  A two-headed ogre (shapeshifter) (Gauntlet)
  2 two-headed ogres
  A death yak (Lair:2)
  A skeletal warrior (D:10)
  A sixfirhy (Gauntlet)
  Pikel (D:9)
  2 orc sorcerers (Bailey)
  A cyclops (D:9)
  An elephant (Lair:2)
  Joseph (D:9)
  A torpor snail (Lair:2)
  5 komodo dragons
  2 cane toads (Lair:1)
  A rime drake (Lair:1)
  2 merfolk (Lair:2)
  Grinder (D:3)
  A hornet (D:9)
  5 blink frogs (Lair:2)
  Sigmund (D:5)
  6 yaks
  2 basilisks (Lair:2)
  2 small abominations (Gauntlet)
  4 steam dragons
  4 water moccasins
  Duvessa (D:6)
  12 orc warriors
  3 black bears
  3 sky beasts
  2 ice beasts
  A phantom (D:5)
  4 wolves (Lair:2)
  6 centaurs
  An elf zombie (D:5)
  2 kobold brigands
  2 necrophages
  8 bullfrogs
  An elf skeleton (D:5)
  2 gnoll sergeants (D:8)
  3 scorpions
  Dowan (D:6)
  8 wights
  24 killer bees
  5 electric eels
  7 orc priests
  Crazy Yiuf (D:2)
  3 hounds
  2 gnoll shamans (D:9)
  5 iguanas
  Ijyb (D:3)
  4 orc wizards
  2 human skeletons (D:5)
  16 gnolls
  6 adders
  3 white imps
  2 ufetubi (Gauntlet)
  4 worms
  3 dart slugs
  19 orcs
  12 endoplasms
  3 giant cockroaches
  20 goblins
  7 hobgoblins
  8 jackals
  3 quokkas
  5 ball pythons
  10 bats
  3 frilled lizards
  11 kobolds
  An orc skeleton (D:5)
  An orc zombie (D:5)
  3 rats
303 creatures vanquished.

Vanquished Creatures (collateral kills)
  A black bear (D:5)
  A river rat (D:5)
  A ball python (D:5)
3 creatures vanquished.

Vanquished Creatures (others)
  A black bear (D:8)
  A goblin (Bailey)
  6 fungi
  22 plants
30 creatures vanquished.

Grand Total: 336 creatures vanquished

Notes
Turn   | Place    | Note
-------+----------+-------------------------------------------
     0 | D:1      | DocClef the Draconian Fighter began the quest for the Orb.
     0 | D:1      | Reached XP level 1. HP: 19/19 MP: 1/1
   132 | D:1      | Reached skill level 4 in Fighting
   132 | D:1      | Reached XP level 2. HP: 27/27 MP: 2/2
  1047 | D:2      | Reached XP level 3. HP: 30/34 MP: 3/3
  1239 | D:2      | Reached skill level 5 in Fighting
  1501 | D:2      | Found a runed translucent door.
  1502 | D:2      | Noticed Crazy Yiuf
  1508 | D:2      | Killed Crazy Yiuf
  1509 | D:2      | Reached XP level 4. HP: 22/44 MP: 4/4
  1808 | D:3      | Found a faded altar of an unknown god.
  1816 | D:3      | Noticed Grinder
  1885 | D:4      | Noticed a scorpion
  1891 | D:4      | Killed a scorpion
  1892 | D:4      | Reached skill level 6 in Fighting
  1892 | D:4      | Reached XP level 5. HP: 33/51 MP: 5/5
  2108 | D:4      | Reached skill level 7 in Fighting
  2386 | D:4      | Reached XP level 6. HP: 47/60 MP: 6/6
  2641 | D:4      | Found a radiant altar of Vehumet.
  2772 | D:3      | Found a transporter.
  2775 | D:3      | Noticed blackman's ghost (weakling HuDe)
  2790 | D:3      | Found a transporter.
  2813 | D:3      | Noticed Ijyb
  2826 | D:3      | Killed Ijyb
  3076 | D:3      | Found a glowing golden altar of the Shining One.
  3079 | D:3      | Found a stormy altar of Qazlal.
  3084 | D:3      | Found an opulent altar of Gozag.
  3272 | D:3      | Killed Grinder
  3273 | D:3      | Reached skill level 8 in Fighting
  3273 | D:3      | Your scales start taking on a dull iron-grey colour.
  3273 | D:3      | Reached XP level 7. HP: 36/69 MP: 7/7
  3549 | D:3      | Reached skill level 9 in Fighting
  3609 | D:5      | Entered Level 5 of the Dungeon
  3620 | D:5      | Found a glowing drain.
  3635 | Sewer    | Entered a sewer
  4237 | D:5      | Reached skill level 10 in Fighting
  4272 | D:5      | Noticed Sigmund
  4274 | D:5      | Found a staircase to the Ecumenical Temple.
  4317 | D:5      | Killed Sigmund
  4318 | D:5      | Reached XP level 8. HP: 48/81 MP: 8/8
  4342 | D:5      | Reached skill level 11 in Fighting
  5110 | Temple   | Entered the Ecumenical Temple
  5376 | Temple   | Became a worshipper of Warmaster Okawaru
  5435 | D:6      | Noticed Duvessa
  5435 | D:6      | Noticed Dowan
  5449 | D:6      | Killed Duvessa
  5450 | D:6      | Reached skill level 12 in Fighting
  5602 | D:6      | Killed Dowan
  5987 | D:6      | Gained mutation: Your tail ends in a venomous barb. [potion
                  | of mutation]
  6019 | D:6      | Found a shadowy altar of Dithmenos.
  6518 | D:6      | Reached * piety under Okawaru
  6519 | D:6      | Reached skill level 13 in Fighting
  6519 | D:6      | Reached XP level 9. HP: 85/93 MP: 9/9
  6663 | D:6      | Found a runed translucent door.
  6666 | D:6      | Noticed SirDiesAlot's ghost (novice OgGl)
  7011 | D:7      | Found a transporter.
  7081 | D:7      | Reached skill level 14 in Fighting
  7563 | D:7      | Found a transporter.
  7609 | D:7      | Found a runed translucent door.
  8089 | D:7      | Reached ** piety under Okawaru
  8454 | D:8      | Reached skill level 15 in Fighting
  9604 | D:8      | Reached XP level 10. HP: 94/107 MP: 10/10
  9742 | D:8      | Found a blossoming altar of Fedhas.
  9912 | D:9      | Noticed Joseph
  9929 | D:9      | Killed Joseph
  9930 | D:9      | Reached skill level 16 in Fighting
 10441 | D:9      | Found a staircase to the Lair.
 10528 | D:9      | Noticed Pikel
 10535 | D:9      | Killed Pikel
 10535 | D:9      | Reached *** piety under Okawaru
 10689 | D:9      | Found a staircase to the Orcish Mines.
 10797 | D:9      | Reached skill level 17 in Fighting
 10800 | D:9      | Noticed a two-headed ogre
 10810 | D:9      | Killed a two-headed ogre
 10810 | D:9      | Reached **** piety under Okawaru
 11355 | D:9      | Noticed a cyclops
 11362 | D:9      | Killed a cyclops
 12041 | D:9      | Paralysed by a hornet for 3 turns
 12046 | D:9      | Paralysed by a hornet for 2 turns
 12384 | D:10     | Entered Level 10 of the Dungeon
 12408 | D:10     | Found a hide-covered altar of Uskayaw.
 12466 | D:10     | Found a flagged portal.
 12476 | Bailey   | Entered a bailey
 12828 | Bailey   | Noticed an orc sorcerer
 12834 | Bailey   | Noticed a soul eater
 12842 | Bailey   | HP: 3/102 [orc warrior/+0 war axe (9)]
 12846 | Bailey   | Killed an orc sorcerer
 12847 | Bailey   | Reached XP level 11. HP: 36/112 MP: 9/11
 13347 | Bailey   | Found the +8 storm bow {elec, penet}
 13716 | Bailey   | Reached skill level 5 in Axes
 13832 | Bailey   | Acquired 787 gold pieces
 13960 | Bailey   | Found an iron altar of Okawaru.
 13960 | Bailey   | Noticed an orc sorcerer
 13967 | Bailey   | Killed an orc sorcerer
 13984 | Bailey   | Identified the +7 chain mail of the Ward {Rampage rElec rN+
                  | Dex-5}
 14025 | Bailey   | Reached skill level 10 in Axes
 14025 | Bailey   | Reached XP level 12. HP: 127/127 MP: 12/12
 14077 | D:10     | Found Jekounna's Firing Range.
 14273 | D:10     | Noticed a two-headed ogre
 14285 | D:10     | Killed a two-headed ogre
 15308 | Lair:1   | Entered Level 1 of the Lair of Beasts
 15500 | Lair:1   | Identified the ring "Vaolumon" {rCorr Str+3 Slay+4 Stlth+}
 15666 | Lair:1   | Reached ***** piety under Okawaru
 16353 | Lair:2   | Found a staircase to the Shoals.
 16421 | Lair:2   | Noticed a death yak
 16436 | Lair:2   | Killed a death yak
 16436 | Lair:2   | Received a gift from Okawaru
 16524 | Lair:2   | Found a gate leading to a gauntlet.
 16541 | Gauntlet | Entered a Gauntlet
 16541 | Gauntlet | Found a transporter.
 16541 | Gauntlet | Found a transporter.
 16542 | Gauntlet | Found a transporter.
 16545 | Gauntlet | Found a transporter.
 16545 | Gauntlet | Found a transporter.
 16555 | Gauntlet | Found a transporter.
 16555 | Gauntlet | Found a transporter.
 16556 | Gauntlet | Found a transporter.
 16559 | Gauntlet | Found a transporter.
 16560 | Gauntlet | Found a transporter.
 16563 | Gauntlet | Noticed a death scarab
 16566 | Gauntlet | Noticed a death scarab
 16569 | Gauntlet | Found a transporter.
 16569 | Gauntlet | Found the +7 lajatang of Order {silver, rMut}
 16570 | Gauntlet | Found a transporter.
 16777 | Gauntlet | Reached XP level 13. HP: 67/134 MP: 13/13
 16807 | Gauntlet | Noticed a bunyip
 16807 | Gauntlet | a death drake changed into a bunyip
 16838 | Gauntlet | a bunyip changed into an anaconda
 16943 | Gauntlet | HP: 3/134 [large abomination (13)]
 16945 | Gauntlet | Demolished by a large abomination

Illustrated notes

Levels and vault maps discovered:
D:1:      erik_arrival_cave_to_civilisation [erik_arrival_cave_to_hall],
          layout_loops_ring, hangedman_glass_teeth
D:2:      layout_rooms, uniq_crazy_yiuf_cottage
D:3:      layout_loops_ring, grunt_temple_overflow_diamond,
          hellmonk_ecumenical_altar_zigzags, gammafunk_ghost_stat_death,
          uniq_ijyb, uniq_grinder
D:4:      kennysheep_big_flooded_room, layout_rooms,
          lemuel_coloured_pillars_altar, chequers_serial_rivers_micro_a
D:5:      layout_basic, minmay_temple_entry_butterflies,
          cheibrodos_sewer_entry_sluice, nicolae_ossuary_entry_catacombs,
          uniq_sigmund
D:6:      layout_basic, nicolae_overflow_hidden_temple, gammafunk_ghost_grave,
          uniq_duvessa
D:7:      gammafunk_cloud_chamber, layout_gridville, grunt_ministairs_3,
          lightli_church_of_beogh
D:8:      layout_loops_ring, nicolae_overflow_crystal_walls, kennysheep_doodads,
          minivault_25, item_on_display_a
D:9:      wad_cavern_with_rooms, layout_loops_corners, lair_entry_dummy,
          orc_david_3, uniq_pikel, uniq_joseph
D:10:     layout_long_grid, kennysheep_little_box, enter_bailey_7,
          nrook_mini_vaults, nicolae_shop_firing_range
D:11:     layout_irregular_city, hellmonk_scale_shop
Temple:   regret_index_temple_generic_petals
Lair:1:   layout_regular_city, chequers_serial_rivers_large_a,
          serial_bayou_lagoon_a, minivault_25, lemuel_fruit_fields
Lair:2:   regret_index_wax_grids, layout_gridlike, elwin_shoals_entry_rooms,
          gauntlet_entry_generic, serial_bayou_shore_b
Gauntlet: gammafunk_gauntlet_hard_choice [nicolae_gauntlet_arena_quarters,
          nicolae_gauntlet_arena_grate_2, nicolae_gauntlet_arena_t_cross,
          gammafunk_gauntlet_arena_hedges, nicolae_gauntlet_swirl,
          gammafunk_gauntlet_arena_open, dreamdust_gauntlet_exit_labyrinth]

Skill      XL: |  1  2  3  4  5  6  7  8  9 10 11 12 |
---------------+-------------------------------------+-----
Fighting       | 4 5 6 7 8 10 13 15 17 | 17.8
Axes           | 4 10 14 | 14.5
Dodging        | |  2.6
Shields        | |  3.0

Action                   |  1- 3 |  4- 6 |  7- 9 | 10-12 | 13-15 || total
-------------------------+-------+-------+-------+-------+-------++-------
Melee: War axe           |    84 |    99 |   359 |   506 |    12 ||  1060
       Tailslap          |    10 |     8 |    34 |    70 |     3 ||   125
Invok: Heroism           |       |       |     2 |     7 |     2 ||    11
       Finesse           |       |       |       |     1 |       ||     1
  Use: Scroll            |       |       |    17 |     4 |       ||    21
       Potion            |       |       |     7 |     6 |     1 ||    14
 Stab: Sleeping          |     2 |     2 |     1 |     5 |       ||    10
       Invisible         |       |       |       |     1 |       ||     1
       Distracted        |       |       |       |       |     1 ||     1
Armor: Skin              |    34 |    30 |   254 |   301 |     5 ||   624
Dodge: Dodged            |    40 |    53 |   340 |   391 |    11 ||   835
Block: Buckler           |    18 |    18 |   115 |   135 |     3 ||   289

Table legend: (Time is in decaauts)
 A = Elapsed time spent in this place.
 B = Non-inter-level travel time spent in this place.
 C = Inter-level travel time spent in this place.
 D = Time resting spent in this place.
 E = Time spent auto-exploring this place.
 F = Levels seen in this place.
 G = Mean time per level.
                   A        B        C        D        E       F      G
               +--------+--------+--------+--------+--------+-----+--------+
         Total |  17266 |  16655 |    611 |   2783 |  10840 |  17 | 1015.6 |
       Dungeon |  13195 |  12719 |    476 |   1858 |   8766 |  11 | 1199.5 |
        Temple |    304 |    245 |     59 |      0 |    238 |   1 |  304.0 |
          Lair |   1211 |   1136 |     75 |      0 |    889 |   2 |  605.5 |
         Sewer |    546 |    546 |      0 |    358 |     97 |   1 |  546.0 |
        Bailey |   1607 |   1607 |      0 |    467 |    849 |   1 | 1607.0 |
      Gauntlet |    400 |    400 |      0 |    100 |      0 |   1 |  400.0 |
               +--------+--------+--------+--------+--------+-----+--------+

Top non-repeatable levels by time:
     D:9: 2587 daAuts
  Bailey: 1607 daAuts
     D:7: 1546 daAuts
     D:8: 1504 daAuts
     D:6: 1392 daAuts
    D:10: 1294 daAuts
     D:5: 1165 daAuts
     D:3: 1076 daAuts
     D:1: 964 daAuts
     D:4: 866 daAuts
  Lair:1: 838 daAuts
     D:2: 773 daAuts
   Sewer: 546 daAuts
Gauntlet: 400 daAuts
  Lair:2: 373 daAuts
